 Dungeon Crawl Stone Soup version bcrawl-1.13.5 (webtiles) character file.

Game seed: 2513123713960911362

317 Anmu the Conjurer (level 6, -5/36 HPs)
             Began as a Fairy Conjurer on Sept 1, 2019.
             Slain by Duvessa
             ... wielding a +0 rapier of speed
              (7 damage)
             ... on level 3 of the Dungeon.
             The game lasted 00:03:39 (1968 turns).

Anmu the Conjurer (Fairy Conjurer)                  Turns: 1968, Time: 00:03:40

Health: -5/36      AC:  6    Str:  6    XL:     6   Next: 45%
Magic:  3/15       EV: 18    Int: 20    God:
Gold:   190        SH:  5    Dex: 13    Spells: 10/14 levels left

rFire    . . .     SeeInvis .   (weapon restricted)
rCold    . . .     Gourm    .   (shield restricted)
rNeg     . . .     Faith    .   (armour unavailable)
rPois    .         Spirit   .   (no helmet)
rElec    .         Reflect  .   (no cloak)
rCorr    .         Harm     .   a - +0 pair of gloves
MR       .....                  (no boots)
Stlth    +.........             (no amulet)
HPRegen  0.12/turn              (no ring)
MPRegen  0.14/turn              (no ring)

@: flying evasively
A: small, magic attunement, unstealthy, unfitting armour, able to fly, AC/SH +5
a: Stop Flying


You were on level 3 of the Dungeon.
You were hungry.

You visited 1 branch of the dungeon, and saw 4 of its levels.

You collected 190 gold pieces.

Inventory:

Armour
 a - a +0 pair of gloves (worn)
Scrolls
 c - a scroll of noise {unknown}
 f - a scroll of immolation {unknown}
 h - 2 scrolls of teleportation {unknown}
 j - a scroll of enchant weapon {unknown}
 l - 2 scrolls of remove curse {unknown}
 m - a scroll of enchant armour {unknown}
 n - 2 scrolls of identify {unknown}
Potions
 d - a potion of magic {unknown}
 e - 2 potions of mutation {unknown}
 g - 3 potions of curing {unknown}
 i - a potion of agility {unknown}
 k - a potion of ambrosia {unknown}
 o - a potion of lignification {unknown}
Comestibles
 b - 6 rations {!d}


   Skills:
 * Level 4.7 Dodging
 + Level 1.9 Stealth
 + Level 4.9 Spellcasting
 + Level 6.9 Conjurations


You had 10 spell levels left.
You knew the following spells:

 Your Spells              Type           Power        Failure   Level  Hunger
a - Magic Dart            Conj           ####         1%          1    None
b - Iskenderun's Mystic   Conj           ####....     1%          3    None

Your spell library contained the following spells:

 Spells                   Type           Power        Failure   Level  Hunger
 Searing Ray              Conj           ####..       1%          2    None
 Fulminant Prism          Conj/Hex       ###.......   28%         4    None
 Irradiate                Conj/Tmut      ###.......   61%         5    None


Dungeon Overview and Level Annotations

Branches:
Dungeon (4/12)
 Temple: D:4-7

Altars:
Dithmenos
Makhleb

Annotations:
D:3 Duvessa


Innate Abilities, Weirdness & Mutations

Your spells do not cause hunger and MP costs are reduced by 1.
Your bright wings attract enemies. (Stealth-)
You cannot fit into any form of body armour.
Your shimmering scales are hard and can block incoming attacks. (AC +5, SH +5)
You are small and have problems with some larger weapons.
You can fly continuously.


Message History

Confirm with . or Enter, or press ? or * to list all spells.
Aiming: Magic Dart (safe; 1% risk of failure)
Press: ? - help, Shift-Dir - straight line, f/p - Duvessa
Aim: Duvessa, wielding a +0 rapier of speed and wearing a cursed +0 chain mail (lightly wounded, berserk, fast, unusually strong)
The magic dart hits Duvessa.
Duvessa is moderately wounded.
Duvessa barely misses you.
Duvessa hits you with a +0 rapier of speed.
The ogre misses you.
Duvessa hits you with a +0 rapier of speed.
Duvessa hits you with a +0 rapier of speed!
You fly upwards.
There is a stone staircase leading down here.
Duvessa rages.
Duvessa rages.
You block Duvessa's attack.
Duvessa hits you with a +0 rapier of speed!
* * * LOW HITPOINT WARNING * * *
Duvessa hits you with a +0 rapier of speed!
You die...

#.##.....##
###########.#.......#
.......)....#..._...#
####.....####.......#
#.###.# ###.....## #.#
#.###.##...### #.#
#.##...#####.# #.#
#.#.......##.#############
#.#
#.#......@...............#
#.#
#.#.....e.##...........#.#
#.#
#.##..O..##..........#.#.#
#.#
#.###...###.#######.##.#.#
#.#
#.###...###.#######.##.#.#
#.#
#............#......##.#.#
####.#
###>#...####.#.####.......
.....# ##.##.##
#.#.#....รท....#
#########...#.##
#.#.#.##.##...#


You could see Duvessa (berserk) and an ogre.

Vanquished Creatures
  A wyvern zombie (D:3)
  Dowan (D:4)
  An orc wizard (D:4)
  A centaur skeleton (D:3)
  A worker ant (D:3)
  A worker ant zombie (D:3)
  2 adders
  2 oozes (D:2)
  A worm (D:2)
  2 dart slugs
  4 leopard geckos
  3 orcs
  A ball python (D:2)
  4 bats
  3 giant cockroaches
  5 goblins
  12 hobgoblins
  5 jackals
  11 kobolds
  5 quokkas
  3 frilled lizards
  6 rats
75 creatures vanquished.

Notes
Turn   | Place    | Note
-------+----------+-------------------------------------------
     0 | D:1      | Anmu the Fairy Conjurer began the quest for the Orb.
     0 | D:1      | Reached XP level 1. HP: 11/11 MP: 6/6
    30 | D:1      | Reached skill level 5 in Conjurations
    70 | D:1      | Reached XP level 2. HP: 17/17 MP: 7/7
   189 | D:1      | Reached XP level 3. HP: 21/21 MP: 9/9
   194 | D:1      | Learned a level 3 spell: Iskenderun's Mystic Blast
   736 | D:2      | Reached XP level 4. HP: 27/27 MP: 11/11
   886 | D:2      | Reached skill level 6 in Conjurations
  1132 | D:3      | Reached XP level 5. HP: 31/31 MP: 7/12
  1307 | D:3      | Reached XP level 6. HP: 9/36 MP: 5/14
  1527 | D:3      | Found a faded altar of an unknown god.
  1642 | D:3      | Found a burning altar of Makhleb.
  1728 | D:3      | Found a shadowy altar of Dithmenos.
  1947 | D:4      | Noticed Dowan
  1948 | D:4      | Noticed Duvessa
  1954 | D:4      | Killed Dowan
  1968 | D:3      | Slain by Duvessa

Skill      XL: |  1  2  3  4  5 |
---------------+----------------+-----
Conjurations   | 5 6 |  6.9
Dodging        | 3 4 |  4.7
Spellcasting   | 3 4 |  4.9
Stealth        | |  1.9

Action                   |  1- 3 |  4- 6 || total
-------------------------+-------+-------++-------
 Cast: Magic Dart        |    75 |    73 ||   148
       Iskenderun's Myst |     7 |    18 ||    25
  Eat: Chunk             |       |     2 ||     2
Armor: Skin              |     3 |     3 ||     6
Dodge: Dodged            |     6 |    19 ||    25
Block: Other             |     1 |    13 ||    14
